 Dungeon Crawl Stone Soup version 0.31-a0-702-gf82c85558f (webtiles) character file.

Game seed: 1491571968712783675

381 qw the Shooter (level 6, 0/39 HPs)
             Began as a Gargoyle Hunter on Sept 8, 2023.
             Slain by a wight
             ... wielding a +3 morningstar
              (10 damage)
             ... on level 3 of the Dungeon.
             The game lasted 00:01:09 (2131 turns).

qw the Shooter (Gargoyle Hunter)                    Turns: 2131, Time: 00:01:09

Health: 0/39       AC: 11    Str: 14    XL:     6   Next: 75%
Magic:  6/6        EV: 10    Int: 14    God:
Gold:   164        SH:  0    Dex: 15    Spells: 5/5 levels left

rFire   . . .        Y - +6 arbalest (drain)
rCold   . . .        (shield currently unavailable)
rNeg    + . .        k - +0 ring mail
rPois   inf          (no helmet)
rElec   +            j - +1 cloak {Stlth+}
rCorr   .            (no gloves)
SInv    .            (no boots)
Will    .....        b - amulet of a Million Planets {Regen+ Int+4}
Stlth   ++           (no ring)
HPRegen 1.06/turn    (no ring)
MPRegen 0.10/turn

%: no passive effects
@: no status effects
A: sickness immunity, AC +4, negative energy resistance 1, electricity
resistance, torment resistance 1, petrification resistance
a: no special abilities


You were on level 3 of the Dungeon.
You visited 1 branch of the dungeon, and saw 3 of its levels.
You also visited: Sewer.

You collected 164 gold pieces.


Innate Abilities, Weirdness & Mutations

You are immune to sickness and miasma.
Your stone body is resilient. (AC +4)
You are immune to poison.
You resist negative energy. (rN+)
You are resistant to electric shocks. (rElec)
You are resistant to unholy torment.
You are immune to petrification.


   Skills:
 - Level 4.3 Fighting
 + Level 6.9 Ranged Weapons
 - Level 1.0 Armour
 - Level 1.5 Dodging
 - Level 1.1 Stealth


You had 5 spell levels left.
You didn't know any spells.
Your spell library was empty.

Inventory:

Hand Weapons
 Y - a +6 arbalest of draining (weapon)
Armour
 j - a +1 cloak of stealth (worn)
 k - a +0 ring mail (worn)
Jewellery
 b - the amulet of a Million Planets (around neck) {Regen+ Int+4}
   (You acquired it on level 2 of the Dungeon)

   [amulet of regeneration]

   Int+4:     It affects your intelligence (+4).
   Regen+:    It increases your rate of health regeneration.
Scrolls
 c - a scroll of identify
 l - a scroll of teleportation
Potions
 e - a potion of berserk rage {unknown}
 f - 4 potions of curing
 g - a potion of might
 h - a potion of haste
 i - a potion of degeneration {unknown}
 m - a potion of cancellation {unknown}

Dungeon Overview and Level Annotations

Branches:
Dungeon (3/15)              Sewer (visited)

Altars:

Shops:
D:1 :


Message History

The wight barely misses you.
The wight hits you from afar with a +4 spear!
You shoot a bolt. The bolt barely misses the wight.
The wight hits you from afar with a +4 spear.
You shoot a bolt. The bolt hits the wight!
The wight is almost destroyed.
The wight hits you from afar with a +4 spear.
The wight closely misses you.
You shoot a bolt.
The bolt hits the wight but does no damage.
The wight is almost destroyed.
The wight hits you from afar with a +4 spear.
The wight closely misses you.
You shoot a bolt. The bolt hits the wight.
The wight is almost destroyed.
The wight hits you from afar with a +4 spear.
A wight comes into view. It is wielding a +0 short sword.
You shoot a bolt. The bolt closely misses the wight.
The wight hits you from afar with a +4 spear.
The wight closely misses you.
A wight comes into view. It is wielding a +3 morningstar.
Enter note:
2127 |||
Found retreat position at 2,-2 (floor) with 0 blocking monsters and 1 monsters attacking at destination at distance 3
Enter note:
2127 ||| Stepping ~*~*~tactically~*~*~ (retreating).
The wight attacks as it pursues you!
The wight hits you from afar with a +4 spear!
You shoot a bolt. The bolt barely misses the wight.
The wight hits you from afar with a +4 spear.
The wight hits you but does no damage.
You shoot a bolt. The bolt barely misses the wight.
The wight hits you but does no damage.
You shoot a bolt. The bolt hits the wight.
You destroy the wight!
The wight hits you with a +3 morningstar!
You shoot a bolt. The bolt hits the wight.
The wight is lightly damaged.
The wight hits you with a +3 morningstar.
The wight hits you with a +3 morningstar!
You die...

##### #.#.# #.....
#.#.. #.#.#.
#.######.#.#.
#####.#....#.#.##
+..........#.#.#
######..####.#.#
....).........#.#######
.#####...%%..zz........
#........#@######
#........#.#
#........))#
#......z.....:..%..
#....z###..########
#.....#.).## ..# #!..#
...#. ..h.#.


You could see 2 wights.

Vanquished Creatures
  2 kobold brigands (Sewer)
  A wight (D:3)
  10 adders
  A river rat (Sewer)
  4 worms
  2 dart slugs
  3 bats
  6 endoplasms
  2 giant cockroaches (D:3)
  10 goblins
  4 hobgoblins
  5 jackals
  9 kobolds
  A quokka (D:2)
  8 ball pythons
  2 frilled lizards
  9 rats
79 creatures vanquished.

Notes
Turn   | Place    | Note
-------+----------+-------------------------------------------
     0 | D:1      | qw the Gargoyle Hunter began the quest for the Orb.
     0 | D:1      | Reached XP level 1. HP: 12/12 MP: 1/1
     0 | D:1      | 0 ||| qw: Version: 0.3-a-76-g4403597
     0 | D:1      | 0 ||| qw: Game counter: 1025
     0 | D:1      | 0 ||| qw: Melee chars always use a shield: true
     0 | D:1      | 0 ||| qw: God list: Okawaru
     0 | D:1      | 0 ||| qw: Allow faded altars: false
     0 | D:1      | 0 ||| qw: Do Orc after clearing Dungeon:15 true
     0 | D:1      | 0 ||| qw: Do second Lair branch before Depths: true
     0 | D:1      | 0 ||| qw: Lair rune preference: random
     0 | D:1      | 0 ||| qw: Goals: Normal
     0 | D:1      | 0 ||| PLANNING D:1-11
   221 | D:1      | Reached XP level 2. HP: 17/17 MP: 2/2
   255 | D:1      | Found Pery's Book Shop.
   572 | D:1      | 572 ||| UPGRADING to +0 ring mail.
   582 | D:1      | 582 ||| DROPPING +0 leather armour.
   583 | D:1      | 583 ||| READING scroll labelled SIFOFI YDUAFE.
   588 | D:1      | 588 ||| READING scroll labelled MUTSENNE IRUP.
   589 | D:1      | 589 ||| READING scroll labelled KAIGGE JEL ARPHA.
   590 | D:1      | 590 ||| READING scroll labelled ZIPAEDA XOMY.
   591 | D:1      | 591 ||| READING scroll labelled LIACIE HOIP.
   592 | D:1      | 592 ||| DRINKING 2 lumpy pink potions.
   593 | D:1      | 593 ||| DROPPING scroll of butterflies.
   594 | D:1      | 594 ||| DROPPING potion of attraction.
   785 | D:2      | Reached skill level 1 in Armour
   802 | D:2      | Reached XP level 3. HP: 21/21 MP: 3/3
   955 | D:2      | Reached skill level 5 in Ranged Weapons
  1152 | D:2      | Reached XP level 4. HP: 27/27 MP: 4/4
  1313 | D:2      | Found a faded altar of an unknown god.
  1318 | D:2      | Reached skill level 3 in Fighting
  1627 | D:2      | 1627 ||| DROPPING ring of wizardry.
  1628 | D:2      | 1628 ||| READING 3 scrolls labelled FAUFRO OMEPYTI.
  1628 | D:2      | Identified 3 scrolls of acquirement
  1628 | D:2      | 1628 ||| ACQUIRING +1 cloak of stealth
  1628 | D:2      | Acquired a +1 cloak of stealth
  1629 | D:2      | 1629 ||| READING 2 scrolls of acquirement.
  1629 | D:2      | 1629 ||| ACQUIRING amulet of a Million Planets {Regen+
                  | Int+4}
  1629 | D:2      | Acquired the amulet of a Million Planets {Regen+ Int+4}
  1630 | D:2      | 1630 ||| READING scroll of acquirement.
  1630 | D:2      | 1630 ||| ACQUIRING +6 arbalest of draining
  1630 | D:2      | Acquired a +6 arbalest of draining
  1632 | D:2      | 1632 ||| SWAPPING to +6 arbalest of draining.
  1633 | D:2      | 1633 ||| DROPPING +1 shortbow.
  1634 | D:2      | 1634 ||| UPGRADING to +1 cloak of stealth.
  1639 | D:2      | 1639 ||| UPGRADING to amulet of a Million Planets {Regen+
                  | Int+4}.
  1644 | D:2      | 1644 ||| READING scroll labelled QOSCHI BAV BEPN.
  1645 | D:2      | 1645 ||| READING scroll labelled COUFRY RUYNEGU.
  1646 | D:2      | 1646 ||| READING scroll labelled ANUNLY MEUNN.
  1647 | D:2      | 1647 ||| DRINKING 3 fizzy emerald potions.
  1704 | D:3      | 1704 ||| PLANNING SEWER
  1742 | D:3      | Found a glowing drain.
  1770 | Sewer    | Entered a sewer
  1772 | Sewer    | Reached XP level 5. HP: 32/32 MP: 5/5
  1781 | Sewer    | 1781 ||| Stepping ~*~*~tactically~*~*~ (water).
  1792 | Sewer    | 1792 ||| Stepping ~*~*~tactically~*~*~ (water).
  1794 | Sewer    | 1794 ||| Stepping ~*~*~tactically~*~*~ (water).
  1796 | Sewer    | 1796 ||| Stepping ~*~*~tactically~*~*~ (water).
  1798 | Sewer    | 1798 ||| Stepping ~*~*~tactically~*~*~ (water).
  1862 | Sewer    | 1862 ||| Stepping ~*~*~tactically~*~*~ (water).
  1878 | Sewer    | Noticed a kobold brigand
  1879 | Sewer    | Killed a kobold brigand
  1880 | Sewer    | Reached skill level 6 in Ranged Weapons
  1903 | Sewer    | 1903 ||| Stepping ~*~*~tactically~*~*~ (water).
  1914 | Sewer    | 1914 ||| Stepping ~*~*~tactically~*~*~ (water).
  1916 | Sewer    | 1916 ||| Stepping ~*~*~tactically~*~*~ (water).
  1942 | Sewer    | Reached XP level 6. HP: 37/37 MP: 6/6
  1943 | Sewer    | 1943 ||| Stepping ~*~*~tactically~*~*~ (water).
  1945 | Sewer    | 1945 ||| Stepping ~*~*~tactically~*~*~ (water).
  1947 | Sewer    | 1947 ||| Stepping ~*~*~tactically~*~*~ (water).
  1949 | Sewer    | 1949 ||| Stepping ~*~*~tactically~*~*~ (water).
  1951 | Sewer    | 1951 ||| Stepping ~*~*~tactically~*~*~ (water).
  1953 | Sewer    | 1953 ||| Stepping ~*~*~tactically~*~*~ (water).
  2062 | Sewer    | 2062 ||| READING scroll labelled GEZEUM MOQUTS.
  2063 | Sewer    | 2063 ||| READING scroll labelled VAYPNI WACI.
  2064 | Sewer    | 2064 ||| DRINKING 2 glowing orange potions.
  2065 | Sewer    | 2065 ||| DRINKING 2 fuming pink potions.
  2077 | D:3      | 2077 ||| PLANNING D:1-11
  2111 | D:3      | 2111 ||| Stepping ~*~*~tactically~*~*~ (outnumbered).
  2127 | D:3      | 2127 ||| Stepping ~*~*~tactically~*~*~ (retreating).
  2131 | D:3      | Slain by a wight

Levels and vault maps discovered:
D:1:      dpeg_arrival_tiny_i, layout_basic, serial_shops, nicolae_square_shop,
          kennysheep_minor_cross
D:2:      minmay_razor_zed, layout_loops_ring, basic_ecumenical_altar,
          chequers_serial_rivers_micro_c, minmay_fountain_box, grunt_decor_cap,
          serial_park_tiny_2, kennysheep_generic_room_11
D:3:      layout_basic, portal_sewer_entry_c

Skill      XL: |  1  2  3  4  5  6 |
---------------+-------------------+-----
Armour         | 1 |  1.0
Ranged Weapons | 5 6 |  6.9
Fighting       | 3 4 |  4.3
Dodging        | |  1.5
Stealth        | |  1.1

Action                     |  1- 3 |  4- 6 || total
---------------------------+-------+-------++-------
   Fire: Shortbow          |   104 |    23 ||   127
         Arbalest          |       |    67 ||    67
    Use: Scroll            |     5 |     8 ||    13
         Potion            |     1 |     3 ||     4
 Armour: Leather armour    |     3 |       ||     3
         Ring mail         |    41 |    35 ||    76
  Dodge: Dodged            |    44 |    19 ||    63

Table legend:
 A = Non-vault XP
 B = Vault XP
 C = Vault XP percentage of total XP
 D = Non-vault monster count
 E = Vault monster count
 F = Vault count percentage of total count
                 A         B        C        D         E       F
            +---------+---------+-------+---------+---------+-------
      Total |     199 |     346 |  63.5 |      45 |      34 |  43.0
            +---------+---------+-------+---------+---------+-------
        D:1 |      23 |       0 |   0.0 |      16 |       0 |   0.0
        D:2 |      48 |      51 |  51.5 |      18 |       9 |  33.3
        D:3 |     128 |      20 |  13.5 |      11 |       5 |  31.2
      Sewer |       0 |     275 | 100.0 |       0 |      20 | 100.0
            +---------+---------+-------+---------+---------+-------
